 Dungeon Crawl Stone Soup version 0.22-a0-322-g60b3cfd (webtiles) character file.

392 4thArraOfDagon the Fighter (level 6, -8/61 HPs)
             Began as a Hill Orc Conjurer on Apr 4, 2018.
             Was a Follower of Cheibriados.
             Splashed by a kobold's acid (10 damage)
             ... on level 3 of the Dungeon.
             The game lasted 00:07:25 (2030 turns).

4thArraOfDagon the Fighter (Hill Orc Conjurer)      Turns: 2030, Time: 00:07:25

Health: -8/61      AC:  6    Str: 18    XL:     6   Next: 80%
Magic:  8/8        EV:  7    Int: 19    God:    Cheibriados [*.....]
Gold:   137        SH:  0    Dex: 13    Spells: 7/8 levels left

rFire    . . .     SeeInvis +   o - +1 long sword
rCold    . . .     Gourm    .   (no shield)
rNeg     . . .     Faith    .   v - +0 chain mail (curse)
rPois    .         Spirit   .   (no helmet)
rElec    .         Reflect  .   q - +0 cloak
rCorr    .         Harm     .   d - +0 pair of gloves
MR       .....                  (no boots)
Stlth    ..........             (no amulet)
HPRegen  0.20/turn              f - ring of see invisible (curse)
MPRegen  0.11/turn              e - +5 ring of strength

@: corroded, very slow
A: no striking features
a: Bend Time, Renounce Religion


You were on level 3 of the Dungeon.
You worshipped Cheibriados.
Cheibriados was aware of your devotion.
You were not hungry.

You visited 2 branches of the dungeon, and saw 6 of its levels.

You collected 137 gold pieces.

Inventory:

Hand Weapons
 j - a +0 short sword
 o - a +1 long sword (weapon)
Missiles
 b - 6 exploding tomahawks (quivered)
Armour
 a - a +0 robe
 d - a +0 pair of gloves (worn)
 g - a +0 ring mail
 q - a +0 cloak (worn)
 s - a +2 large shield
 v - a cursed +0 chain mail (worn)
Jewellery
 e - a +5 ring of strength (right hand)
 f - a cursed ring of see invisible (left hand)
 h - a +2 ring of dexterity
 n - an uncursed ring of poison resistance
Scrolls
 i - a scroll of enchant weapon
 l - 2 scrolls of remove curse {unknown}
 w - a scroll of magic mapping {unknown}
Potions
 k - a potion of heal wounds
 m - a potion of agility
 p - a potion of cancellation {unknown}
 t - a potion of curing
 u - 2 potions of berserk rage {unknown}
Comestibles
 c - 4 rations


   Skills:
 - Level 8.0 Fighting
 + Level 1.6 Dodging
 - Level 1.5 Stealth
 - Level 1.5 Spellcasting
 - Level 4.0 Conjurations
 + Level 0.1 Invocations


You had 7 spell levels left.
You knew the following spells:

 Your Spells              Type           Power        Failure   Level  Hunger
a - Magic Dart            Conj           ###.         50%         1    ##.....


Dungeon Overview and Level Annotations

Branches:
Dungeon (5/15)             Temple (1/1) D:5

Altars:
Ashenzari
Cheibriados
Elyvilon
Gozag
Kikubaaqudgha
Makhleb
Qazlal
Ru
Trog
Vehumet
Wu Jian
Xom
Yredelemnul
The Shining One

Shops:
D:4 }

Annotations:
D:4 Eustachio


Message History

Press: ? - help, v - describe, . - travel
Here: a kobold, wielding a dagger, wearing a ring mail and wearing a twisted jade ring The floor.
A big kobold comes into view. It is wielding a dagger of venom.
The big kobold shouts!
The kobold hits you but does no damage.
Unknown command.
Unknown command.
The kobold hits you but does no damage.
The kobold zaps a wand.
The bolt of acid hits you! The acid corrodes you!
You are splashed with acid!
The acid burns!
It is a wand of acid (9).
The kobold zaps a wand.
The bolt of acid hits the kobold.
The kobold is splashed with acid.
The kobold dies!
The bolt of acid hits you!
You are splashed with acid!
The acid burns!
* * * LOW HITPOINT WARNING * * *
The kobold zaps a wand.
The bolt of acid hits you!
* * * LOW HITPOINT WARNING * * *
You are splashed with acid!
The acid burns!
You die...

...# #.##.#..##### #.##. ..(#
#.##.#..# #.##. #### #....#..#
#.##. ..### ######..#### #.##.
#)..# #.....# #####.##. ..#.#
#######.###.# ##≈≈≈≈≈##.
###.###....).####### ##≈≈≈≈≈≈≈≈.
..(........###.....###≈≈≈≈≈≈≈≈###
..#.###.##......@.)KK######≈###
#.#.# #.##..).#####g......##
#.#.# #.##.####≈≈≈###......... #
#..#.##.##.# ≈≈≈≈≈≈≈######...###.
#.###.#.##.##≈≈≈≈≈≈≈≈ ######..
.## ##.........≈≈≈#### #.#
#.###.#.#..######## #.#
#..#....#.# #.# ###.##.#†.#
############.#


You could see a big kobold, a hobgoblin and a kobold.

Vanquished Creatures
  Sigmund (D:4)
  A scorpion (D:2)
  A hound (D:5)
  A worker ant (D:5)
  8 adders
  An ooze (D:3)
  An adder zombie (D:5)
  2 worms (D:3)
  3 leopard geckos
  3 orcs
  A giant cockroach (D:5)
  4 goblins
  3 hobgoblins
  8 kobolds
  A quokka (D:4)
  3 bats
  3 frilled lizards
  7 rats
52 creatures vanquished.

Vanquished Creatures (others)
  A kobold (D:3)
1 creature vanquished.

Grand Total: 53 creatures vanquished

Notes
Turn   | Place    | Note
-------+----------+-------------------------------------------
     0 | D:1      | 4thArraOfDagon the Hill Orc Conjurer began the quest for the Orb.
     0 | D:1      | Reached XP level 1. HP: 14/14 MP: 3/3
   165 | D:1      | Reached skill level 1 in Fighting
   345 | D:2      | Found a stormy altar of Qazlal.
   396 | D:2      | Reached XP level 2. HP: 20/24 MP: 1/4
   427 | D:2      | Found a glowing golden altar of the Shining One.
   457 | D:2      | Noticed a scorpion
   478 | D:2      | Reached skill level 2 in Fighting
   627 | D:4      | Reached skill level 3 in Fighting
   627 | D:4      | Reached XP level 3. HP: 29/31 MP: 0/5
   645 | D:4      | Found Mowajec's Gadget Boutique.
   723 | D:5      | Entered Level 5 of the Dungeon
   725 | D:5      | Found a white marble altar of Elyvilon.
   728 | D:5      | Found a basalt altar of Yredelemnul.
   809 | D:4      | Reached skill level 4 in Fighting
   828 | D:4      | Noticed Sigmund
   849 | D:4      | Killed Sigmund
   849 | D:4      | Reached skill level 6 in Fighting
   849 | D:4      | Reached XP level 4. HP: 28/45 MP: 1/6
   849 | D:4      | Reached XP level 5. HP: 32/51 MP: 1/7
   914 | D:4      | Noticed Eustachio
   951 | D:5      | Reached XP level 6. HP: 48/58 MP: 2/8
   960 | D:5      | Reached skill level 7 in Fighting
  1008 | D:5      | Found a staircase to the Ecumenical Temple.
  1016 | Temple   | Entered the Ecumenical Temple
  1063 | Temple   | Became a worshipper of Cheibriados the Contemplative
  1564 | D:2      | Found a sacrificial altar of Ru.
  1828 | D:3      | Found a bloodstained altar of Trog.
  1869 | D:3      | Reached * piety under Cheibriados
  1913 | D:3      | Reached skill level 8 in Fighting
  2030 | D:3      | HP: 2/61 [kobold/wand of acid (8) (12)]
  2030 | D:3      | Splashed by a kobold's acid

Vault maps used:
D:1:      sevenhm_arrival_forest_fort_large_2
D:2:      nicolae_qazlal_general_emergency, tso_metal_star,
          grunt_dithmenos_smoke_and_mirrors, dk_vineyard_1,
          nicolae_ru_path_of_blood
D:3:      cheibrodos_thug_alley, first_ration, bloody_trog
D:4:      led_sif_book, serial_shops, kennysheep_little_box,
          grunt_decor_resistance, uniq_eustachio, uniq_sigmund
D:5:      kennysheep_mini_moat, nicolae_overflow_hidden_temple,
          minmay_temple_entry_butterflies
Temple:   jpeg_temple_island

Skill      XL: |  1  2  3  4  5  6 |
---------------+-------------------+-----
Fighting       | 1 3 6 8 |  8.0
Dodging        | |  1.6
Stealth        | |  1.5
Spellcasting   | |  1.5
Conjurations   | |  4.0
Invocations    | |  0.1

Action                   |  1- 3 |  4- 6 || total
-------------------------+-------+-------++-------
Melee: Short sword       |     7 |       ||     7
       Unarmed           |     6 |       ||     6
       Long sword        |    21 |   103 ||   124
 Cast: Magic Dart        |    30 |    21 ||    51
  Use: Scroll            |     7 |     2 ||     9
       Potion            |     3 |     1 ||     4
 Stab: Sleeping          |       |     1 ||     1
  Eat: Chunk             |       |     2 ||     2
       Ration            |       |     1 ||     1
Armor: Ring mail         |    10 |    32 ||    42
       Robe              |     1 |       ||     1
       Chain mail        |       |    27 ||    27
Dodge: Dodged            |    15 |    64 ||    79
       Rpst.: Long sword |     4 |    23 ||    27

Table legend:
 A = Spawn XP
 B = Non-spawn XP
 C = Spawn XP percentage of total XP
 D = Spawn monster count
 E = Non-spawn monster count
 F = Spawn count percentage of total count
 G = Total turns spent on level
                    A         B        C        D         E        F      G
               +---------+---------+-------+---------+---------+-------+---------
         Total |       0 |     560 |   0.0 |       0 |      52 |   0.0 |  2030
               +---------+---------+-------+---------+---------+-------+---------
           D:1 |       0 |       7 |   0.0 |       0 |       5 |   0.0 |   345
           D:2 |       0 |      79 |   0.0 |       0 |       6 |   0.0 |   507
           D:3 |       0 |      74 |   0.0 |       0 |      24 |   0.0 |   524
           D:4 |       0 |     293 |   0.0 |       0 |      11 |   0.0 |   363
           D:5 |       0 |     107 |   0.0 |       0 |       6 |   0.0 |   220
               +---------+---------+-------+---------+---------+-------+---------
